 Dungeon Crawl Stone Soup version 0.26-a0-491-g70697cc071 (webtiles) character file.

Game seed: 19913795512738743

21 MrRokkomies the Slasher (level 2, -7/21 HPs)
             Began as an Octopode Chaos Knight on Aug 5, 2020.
             Was a Plaything of Xom.
             Mangled by a hobgoblin
             ... wielding a +0 quarterstaff
              (8 damage)
             ... on level 2 of the Dungeon.
             The game lasted 00:00:39 (478 turns).

MrRokkomies the Slasher (Octopode Chaos Knight)      Turns: 478, Time: 00:00:39

Health: -7/21      AC:  1    Str: 11    XL:     2   Next: 87%
Magic:  2/2        EV: 13    Int: 14    God:    Xom [..*...]
Gold:   30         SH:  0    Dex: 11    Spells: 1/1 levels left

rFire    . . .     SeeInvis .   a - +0 falchion (chaos)
rCold    . . .     Faith    .   (no shield)
rNeg     . . .     Spirit   .   (helmet restricted)
rPois    .         Reflect  .   (no amulet)
rElec    .         Harm     .   (no ring)
rCorr    .                      (no ring)
MR       .....                  (no ring)
Stlth    +++.......             (no ring)
HPRegen  0.07/turn              (no ring)
MPRegen  0.08/turn              (no ring)
                                (no ring)
                                (no ring)

@: no status effects
A: almost no armour, stealthy swim, amphibious, 8 rings, constrict 8, camouflage
1, gelatinous body 1
a: Renounce Religion


You were on level 2 of the Dungeon.
You worshipped Xom.
You were a toy of Xom.
You visited 1 branch of the dungeon, and saw 2 of its levels.

You collected 30 gold pieces.

Inventory:

Hand Weapons
 a - a +0 falchion of chaos (weapon)
 f - a +0 hunting sling
Missiles
 g - 82 stones (quivered)
Scrolls
 b - a scroll of teleportation {unknown}
 c - a scroll of blinking {unknown}
 e - a scroll of enchant armour {unknown}
Potions
 d - a potion of stabbing {unknown}


   Skills:
 + Level 3.1 Fighting
 * Level 3.4 Long Blades
 * Level 2.7 Dodging
 + Level 1.2 Stealth


You had one spell level left.
You didn't know any spells.
Your spell library was empty.

Dungeon Overview and Level Annotations

Branches:
Dungeon (1/15)

Altars:


Innate Abilities, Weirdness & Mutations

You cannot wear most types of armour.
You are very stealthy in the water. (Stealth+)
You are amphibious.
You can wear up to eight rings at the same time.
You can use your tentacles to constrict eight enemies at once.
Your skin changes colour to match your surroundings (Stealth+).
Your rubbery body absorbs attacks. (AC +1, EV +1)


Message History

A kobold comes into view.
The kobold shouts!
The hobgoblin shouts!
You hit the kobold but do no damage. You grab the kobold.
You constrict the kobold. The kobold barely misses you.
You riposte.
You hit the kobold.
You kill the kobold!
The hobgoblin hits you but does no damage.
You hit the hobgoblin.
The hobgoblin flickers and vanishes!
Deactivating autopickup; reactivate with Ctrl-A.
Something hits you.
No target in view!
No target in view!
There is a strange disturbance nearby!
You miss something. Something hits you.
You barely miss something. Your squeeze misses something. Something hits you.
You miss something. Something hits you!
* * * LOW HITPOINT WARNING * * *
You closely miss something. Something hits you!
You die...

##### ##...##
##.....## .
#.......#
#.##.......#
......{....#
#...@..# #
#.#...## #..
#.##.## #..
#.##.#
###..####....#
#.........#### #
#.......#.#### #
#..........).# #
#...>..#.###.#..


There were no monsters in sight!

Vanquished Creatures
  An adder (D:2)
  2 hobgoblins
  2 kobolds (D:2)
  2 bats
  3 goblins
  4 rats
14 creatures vanquished.

Notes
Turn   | Place    | Note
-------+----------+-------------------------------------------
     0 | D:1      | MrRokkomies the Octopode Chaos Knight began the quest for
                  | the Orb.
     0 | D:1      | Reached XP level 1. HP: 16/16 MP: 1/1
    78 | D:1      | XOM: potion effect (invisibility)
   144 | D:1      | You fall into a shaft and drop 1 floor!
   149 | D:2      | Reached XP level 2. HP: 15/21 MP: 2/2
   293 | D:2      | XOM: silly message
   307 | D:2      | Reached skill level 1 in Stealth
   477 | D:2      | HP: 1/21 [something (8)]
   478 | D:2      | Mangled by a hobgoblin

Illustrated notes

Levels and vault maps discovered:
D:1:      minmay_arrival_stair_chambers, layout_basic, nemelex_altar_shiori
D:2:      layout_loops_cross, ashenzari_conservatory_becter

Skill      XL: |  1  2 |
---------------+-------+-----
Stealth        | 1 |  1.2
Fighting       | |  3.1
Long Blades    | |  3.4
Dodging        | |  2.7

Action                   || total
-------------------------++-------
Melee: Falchion          ||    27
       Constrict         ||     8
       Tentacles         ||     2
 Stab: Invisible         ||     1
Dodge: Dodged            ||    20
       Rpst.: Falchion   ||     6

Table legend: (Time is in decaauts)
 A = Elapsed time spent in this place.
 B = Non-inter-level travel time spent in this place.
 C = Inter-level travel time spent in this place.
 D = Time resting spent in this place.
 E = Time spent auto-exploring this place.
 F = Levels seen in this place.
 G = Mean time per level.
                   A        B        C        D        E       F      G
               +--------+--------+--------+--------+--------+-----+--------+
         Total |    481 |    481 |      0 |      0 |    395 |   2 |  240.5 |
       Dungeon |    481 |    481 |      0 |      0 |    395 |   2 |  240.5 |
               +--------+--------+--------+--------+--------+-----+--------+

Top non-repeatable levels by time:
     D:2: 336 daAuts
     D:1: 145 daAuts
